Map: Stasis LE

Players

Kallestål - Winner!

  • Race: Zerg Zerg
  • Spawn Location: 11:00

ЮрийДонецк

  • Race: Protoss Protoss
  • League: Platinum
  • Spawn Location: 1:00

VOD

Have the link to the VOD?

Description

I even would have gg'd if I lost

Time

  • Played on: Nov. 30, 2018, 12:28 p.m.
  • Length: 38:32
Show
View Real Time Build Order
Export as new Build Order

Kallestål Zerg - Winner!

Build Orders: Hatch First 

Get SALT Encoding   

  12  0:02  Drone  
  13  0:08  Drone  
  14  0:40  Drone, Hatchery  
  14  0:56  Spawning Pool  
  13  0:58  Drone  
  14  1:09  Overlord  
  14  1:14  Extractor  
  14  1:15  Drone  
  14  1:28  Drone x2  
  16  1:43  Roach Warren  
  16  1:45  Drone x2  
  17  1:48  Extractor  
  17  1:54  Drone  
  17  1:55  Drone  
  18  2:15  Burrow  
  18  2:23  Roach  
  18  2:24  Roach  
  22  2:32  Queen  
  24  2:44  Roach x2  
  28  2:55  Overlord  
  28  3:17  Overlord  
  28  3:20  Drone x2  
  28  3:21  Roach  
  32  3:35  Roach  
  32  4:13  Roach  
  32  4:17  Lair  
  30  4:39  Roach  
  30  4:41  Drone x2  
  30  4:43  Drone x2  
  30  4:44  Roach  
  34  4:50  Drone  
  34  4:52  Hatchery  
  34  4:56  Overlord x2  
  34  5:08  Drone  
  34  5:09  Drone  
  34  5:13  Overlord  
  36  5:14  Queen  
  36  5:17  Spire  
  36  5:20  Drone x2  
  39  5:22  Drone x2  
  39  5:25  Roach x2  
  39  5:26  Tunneling Claws  
  41  5:30  Drone  
  41  5:33  Drone  
  41  5:35  Roach x2  
  44  5:43  Spore Crawler  
  35  6:22  Overlord  
  35  6:28  Extractor  
  35  6:29  Extractor  
  33  6:36  Drone x2  
  33  6:37  Drone, Mutalisk  
  33  6:38  Mutalisk x2  
  42  6:43  Corruptor  
  42  6:46  Zerg Flyer Weapons Level 1  
  44  6:50  Spire  
  43  6:56  Drone  
  44  7:02  Drone x2  
  44  7:05  Hatchery  
  44  7:08  Hatchery  
  44  7:10  Spine Crawler  
  44  7:14  Mutalisk x2  
  48  7:31  Mutalisk  
  48  7:32  Mutalisk  
  52  7:41  Drone x2  
  52  7:42  Drone  
  55  7:48  Corruptor  
  57  7:53  Drone x2  
  57  7:55  Zergling x2  
  60  8:05  Overlord x3  
  60  8:22  Drone  
  60  8:24  Corruptor  
  60  8:25  Corruptor x2  
  67  8:39  Drone x2  
  69  8:44  Spore Crawler  
  68  9:01  Extractor  
  63  9:16  Extractor, Hatchery  
  53  9:20  Mutalisk  
  53  9:21  Mutalisk x5  
  61  9:24  Zerg Flyer Weapons Level 2  
  61  9:27  Zergling x6  
  61  9:28  Zergling x6  
  65  9:32  Queen x2  
  62  9:46  Spore Crawler  
  62  9:49  Spore Crawler  
  62  9:52  Mutalisk x2  
  58  9:53  Mutalisk  
  47  10:14  Mutalisk x2  
  49  10:31  Corruptor  
  51  10:36  Drone x3  
  51  10:39  Extractor  
  51  10:50  Drone x2  
  51  10:51  Drone  
  52  11:10  Spine Crawler  
  48  11:11  Spine Crawler  
  45  11:19  Mutalisk  
  45  11:20  Mutalisk x4  
  54  11:45  Mutalisk x2  
  58  11:49  Overseer x2  
  58  11:53  Spore Crawler  
  57  11:55  Spore Crawler, Spine Crawler  
  55  12:08  Corruptor  
  57  12:12  Drone  
  58  12:40  Drone x2  
  58  12:41  Drone x3  
  63  12:46  Drone  
  64  13:08  Mutalisk x2  
  66  13:26  Corruptor x2  
  64  13:33  Corruptor  
  62  13:38  Drone  
  55  14:10  Drone x6  
  61  14:28  Hatchery  
  60  14:36  Drone x2  
  62  14:40  Zerg Flyer Armor Level 1  
  62  14:51  Infestation Pit  
  61  14:55  Drone  
  62  15:22  Drone x2  
  62  15:23  Drone x3  
  62  15:26  Drone x2  
  62  15:27  Drone  
  62  15:28  Overlord  
  70  15:49  Hive  
  70  15:51  Drone x2  
  70  15:54  Hatchery  
  70  15:55  Queen  
  73  16:01  Drone, Extractor  
  73  16:03  Mutalisk  
  75  16:33  Corruptor x2  
  79  16:42  Drone  
  79  16:43  Drone  
  78  16:56  Mutalisk x8  
  78  16:59  Overlord x2  
  78  17:00  Overlord  
  75  17:18  Greater Spire  
  75  17:20  Mutalisk x4  
  75  17:21  Mutalisk x3  
  89  17:43  Hatchery  
  88  17:50  Hatchery  
  87  18:02  Corruptor  
  89  18:37  Brood Lord x3  
  95  18:47  Drone x2  
  97  18:51  Queen  
  99  19:07  Brood Lord  
  101  19:14  Drone  
  101  19:15  Drone, Queen  
  105  19:25  Corruptor  
  105  19:27  Queen  
  109  19:42  Drone x2  
  111  19:50  Queen  
  113  19:54  Corruptor  
  87  20:18  Zergling x2  
  87  20:19  Zergling x42  
  87  20:20  Zergling x6  
  110  20:30  Corruptor  
  108  20:40  Corruptor  
  106  21:00  Metabolic Boost  
  106  21:02  Hatchery  
  93  21:25  Roach  
  93  21:26  Zergling x22  
  99  21:33  Hatchery  
  99  21:38  Extractor  
  89  21:40  Extractor  
  84  21:57  Corruptor x2  
  84  22:00  Extractor  
  87  22:02  Extractor  
  76  22:27  Corruptor  
  62  22:30  Drone x2  
  57  22:40  Drone  
  58  22:58  Zergling x18  
  55  22:59  Zergling x14, Extractor  
  67  23:09  Queen  
  67  23:11  Spine Crawler  
  67  23:12  Spore Crawler  
  63  23:13  Spore Crawler  
  63  23:14  Corruptor x4  
  63  23:15  Mutalisk  
  72  23:24  Corruptor  
  72  23:47  Corruptor x2  
  58  24:04  Corruptor  
  58  24:06  Corruptor  
  60  24:10  Drone  
  61  24:23  Zerg Flyer Armor Level 2  
  61  24:27  Drone  
  62  24:40  Mutalisk x2  
  64  25:03  Spore Crawler  
  64  25:04  Spore Crawler  
  64  25:05  Drone x2  
  64  25:06  Drone x2, Spore Crawler  
  63  25:25  Zerg Flyer Weapons Level 3  
  57  25:41  Mutalisk, Corruptor  
  57  25:42  Mutalisk  
  63  25:55  Mutalisk x2  
  65  25:58  Drone  
  65  25:59  Drone  
  67  26:13  Mutalisk  
  67  26:14  Mutalisk  
  71  26:23  Corruptor  
  73  26:37  Mutalisk x2  
  77  26:42  Drone x4  
  77  26:46  Drone  
  82  27:03  Hatchery  
  81  27:40  Corruptor  
  81  27:41  Corruptor x2  
  87  27:47  Drone x4  
  87  27:48  Drone x2  
  93  27:59  Extractor  
  93  28:02  Extractor  
  93  28:04  Spore Crawler x2  
  89  28:09  Spine Crawler  
  88  28:22  Overseer x4  
  88  28:28  Drone x2  
  88  28:32  Queen  
  90  28:43  Drone  
  90  28:44  Drone  
  90  28:47  Hatchery  
  91  28:56  Drone x5  
  96  29:04  Queen  
  98  29:18  Spore Crawler  
  98  29:24  Spine Crawler  
  96  29:28  Pneumatized Carapace  
  96  29:41  Corruptor x3  
  96  29:44  Drone  
  103  30:13  Drone x5  
  108  30:20  Drone  
  108  30:21  Drone  
  110  30:23  Extractor  
  110  30:24  Extractor  
  108  30:37  Brood Lord  
  108  30:38  Brood Lord  
  108  30:41  Drone x3  
  108  30:42  Drone  
  116  30:44  Extractor, Hatchery, Drone  
  116  30:47  Extractor, Drone  
  115  30:50  Drone  
  116  30:58  Corruptor  
  116  30:59  Overlord  
  116  31:03  Drone  
  119  31:20  Drone x4  
  119  31:23  Infestor  
  119  31:24  Infestor x3  
  131  31:35  Overlord x2  
  131  32:05  Corruptor x7  
  145  32:08  Overlord  
  144  32:23  Drone  
  144  32:24  Drone x4  
  144  32:25  Zergling x10  
  124  32:47  Mutalisk  
  124  32:48  Mutalisk x6  
  132  33:10  Brood Lord x2  
  121  33:32  Corruptor x3  
  121  33:33  Corruptor x5  
  129  33:34  Corruptor  
  129  33:36  Drone  
  124  33:51  Corruptor x3  
  124  33:52  Corruptor  
  133  34:02  Drone  
  129  34:25  Brood Lord x3  
  135  34:35  Brood Lord x3  
  135  34:36  Corruptor  
  135  34:37  Corruptor  
  145  34:39  Overlord  
  145  34:40  Overlord x2  
  145  34:44  Drone  
  144  34:54  Brood Lord  
  144  34:55  Overlord  
  144  34:59  Zerg Flyer Armor Level 3  
  146  35:09  Drone x3  
  149  35:17  Drone x3, Queen  
  154  35:29  Corruptor  
  152  35:35  Spore Crawler  
  152  35:36  Spore Crawler  
  152  35:38  Spine Crawler  
  152  35:40  Spine Crawler  
  152  35:41  Mutalisk x2  
  152  35:42  Mutalisk x4  
  153  35:44  Overseer x3  
  155  36:48  Hatchery  
  155  36:49  Extractor  
  155  36:50  Extractor  
  155  37:17  Extractor, Hatchery  
  155  38:11  Drone x2  
Show
View Real Time Build Order
Export as new Build Order

ЮрийДонецк Protoss 

Build Orders: 1 Gate Expand, Phoenix Opening 

Get SALT Encoding   

  1  0:00  Probe  
  12  0:05  Probe  
  14  0:15  Probe  
  15  0:25  Pylon  
  15  0:43  Probe  
  16  0:50  Gateway  
  16  0:55  Probe  
  17  1:03  Assimilator  
  17  1:05  Probe  
  18  1:13  Probe  
  19  1:26  Nexus  
  19  1:34  Probe  
  20  1:44  Cybernetics Core  
  22  1:47  Zealot  
  22  1:58  Forge  
  22  2:06  Probe, Pylon  
  23  2:14  Assimilator  
  23  2:40  Stargate  
  23  2:45  Photon Cannon  
  23  2:47  Probe  
  24  2:55  Probe  
  24  2:56  Zealot  
  26  3:05  Probe  
  27  3:10  Probe  
  28  3:16  Phoenix  
  28  3:17  Probe  
  28  3:18  Probe  
  33  3:29  Zealot, Probe  
  34  3:41  Void Ray, Probe  
  35  3:53  Probe  
  40  3:56  Zealot  
  38  4:05  Probe  
  39  4:11  Shield Battery  
  39  4:13  Photon Cannon  
  36  4:27  Photon Cannon  
  36  4:35  Probe, Void Ray  
  41  4:48  Probe  
  42  5:00  Probe  
  43  5:12  Probe  
  43  5:13  Probe  
  44  5:21  Assimilator  
  45  5:23  Assimilator  
  45  5:24  Probe  
  46  5:57  Nexus  
  46  5:59  Probe  
  46  6:00  Probe  
  46  6:09  Pylon  
  46  6:12  Robotics Facility  
  46  6:14  Twilight Council  
  46  6:27  Zealot, Probe x2, Void Ray  
  54  6:35  Pylon  
  54  6:38  Pylon  
  54  6:41  Pylon  
  54  6:53  Probe x2  
  56  6:54  Zealot  
  56  6:55  Photon Cannon  
  56  6:57  Photon Cannon  
  56  6:59  Pylon  
  58  7:01  Pylon  
  58  7:04  Assimilator  
  58  7:05  Probe x2, Pylon  
  58  7:07  Pylon  
  60  7:09  Assimilator  
  60  7:14  Photon Cannon  
  60  7:17  Probe  
  60  7:21  Zealot  
  63  7:42  Void Ray  
  63  7:51  Stalker  
  65  7:58  Observer  
  69  8:19  Dark Shrine  
  66  8:20  Stalker  
  66  8:22  Photon Cannon  
  66  8:24  Photon Cannon  
  66  8:25  Void Ray  
  72  8:27  Photon Cannon  
  72  8:28  Photon Cannon  
  65  8:46  Photon Cannon x2  
  65  8:47  Photon Cannon  
  65  8:49  Shield Battery  
  65  8:50  Stalker, Shield Battery  
  65  8:52  Pylon  
  65  8:55  Pylon  
  67  8:59  Photon Cannon x2  
  67  9:08  Void Ray  
  66  9:20  Stalker  
  58  9:50  Stalker  
  60  9:53  Probe  
  57  10:05  Probe  
  53  10:16  Protoss Ground Weapons Level 1  
  53  10:17  Probe  
  53  10:21  Dark Templar  
  50  10:29  Probe  
  45  10:41  Probe  
  46  10:53  Probe  
  47  11:00  Dark Templar  
  49  11:05  Probe  
  50  11:18  Probe  
  37  11:35  Void Ray  
  37  11:39  Dark Templar  
  42  11:41  Observer  
  43  11:53  Probe  
  44  11:56  Probe  
  44  12:04  Pylon  
  44  12:05  Probe  
  45  12:08  Probe  
  46  12:17  Probe  
  46  12:18  Dark Templar, Void Ray  
  46  12:19  Photon Cannon  
  46  12:20  Probe  
  54  12:29  Probe  
  55  12:31  Photon Cannon, Probe  
  56  12:38  Shield Battery  
  56  12:40  Probe  
  57  12:48  Probe  
  57  12:58  Dark Templar  
  60  13:01  Void Ray  
  55  13:37  Dark Templar  
  57  13:45  Pylon  
  57  13:46  Probe  
  57  13:48  Pylon  
  52  13:58  Probe  
  35  14:10  Probe  
  35  14:14  Void Ray  
  35  14:16  Dark Templar  
  42  14:22  Probe  
  43  14:25  Photon Cannon  
  43  14:26  Shield Battery  
  43  14:32  Shield Battery  
  43  14:34  Probe  
  43  14:35  Archon  
  43  14:36  Archon x2, Probe  
  44  14:44  Probe  
  45  14:46  Probe  
  47  14:55  Dark Templar  
  47  14:56  Void Ray  
  47  14:58  Probe  
  54  15:05  Observer  
  55  15:10  Probe  
  56  15:23  Probe  
  57  15:34  Dark Templar  
  59  15:48  Fleet Beacon  
  59  15:56  Probe  
  60  15:59  Phoenix, Protoss Air Weapons Level 1  
  60  16:04  Dark Templar  
  60  16:08  Probe  
  61  16:19  Phoenix  
  61  16:20  Probe  
  63  16:43  Dark Templar  
  65  17:27  Tempest  
  65  17:35  Mothership  
  73  17:40  Dark Templar  
  80  17:55  Anion Pulse-Crystals  
  80  18:06  Tempest  
  69  18:42  Phoenix  
  71  19:06  Nexus  
  71  19:07  Phoenix  
  71  19:09  Pylon  
  73  19:11  Pylon  
  73  19:13  Pylon  
  73  19:16  Pylon  
  73  19:19  Archon, Pylon  
  73  19:32  Phoenix  
  75  19:39  Photon Cannon  
  75  19:42  Photon Cannon  
  75  19:45  Photon Cannon  
  75  19:47  Photon Cannon  
  75  19:49  Photon Cannon  
  75  19:52  Photon Cannon  
  75  19:57  Phoenix  
  55  21:38  Carrier  
  55  21:53  Protoss Air Weapons Level 2  
  55  22:42  Carrier  
  53  23:14  Mothership  
  61  23:36  Carrier  
  67  23:52  Gateway  
  65  24:10  Observer  
  65  24:24  Nexus  
  65  24:25  Pylon  
  65  24:40  Dark Templar  
  65  24:41  Carrier  
  68  25:20  Dark Templar  
  50  25:59  Dark Templar  
  52  26:04  Archon  
  52  26:10  Probe  
  53  26:11  Photon Cannon  
  53  26:14  Photon Cannon  
  53  26:22  Probe  
  53  26:24  Shield Battery  
  54  26:34  Probe  
  54  26:38  Dark Templar  
  57  27:17  Dark Templar  
  57  27:46  Tempest  
  57  27:55  Dark Templar  
  64  28:03  Probe  
  65  28:15  Probe  
  65  28:16  Tempest  
  65  28:17  Assimilator  
  65  28:19  Assimilator  
  66  28:26  Dark Templar, Observer  
  67  28:27  Probe  
  73  28:39  Probe  
  76  29:02  Nexus  
  76  29:03  Pylon  
  76  29:05  Dark Templar  
  76  29:06  Pylon  
  78  29:10  Pylon  
  78  29:13  Pylon  
  78  29:17  Archon x2  
  78  29:43  Photon Cannon  
  78  29:49  Photon Cannon  
  78  29:51  Photon Cannon  
  78  29:52  Photon Cannon  
  78  29:56  Photon Cannon  
  78  29:58  Photon Cannon  
  78  30:00  Shield Battery  
  82  30:14  Carrier  
  82  30:20  Dark Templar  
  84  30:25  Probe  
  85  30:35  Pylon x2  
  85  30:37  Probe  
  86  30:49  Probe  
  87  30:59  Dark Templar  
  87  31:01  Probe  
  90  31:07  Archon  
  90  31:13  Probe  
  90  31:15  Photon Cannon  
  91  31:20  Photon Cannon  
  91  31:32  Carrier  
  97  31:37  Probe  
  97  31:38  Dark Templar  
  100  31:44  Assimilator  
  99  31:48  Assimilator, Shield Battery  
  99  31:49  Probe  
  100  32:02  Probe  
  100  32:05  Photon Cannon  
  101  32:14  Probe  
  102  32:18  Dark Templar  
  104  32:26  Probe  
  63  33:49  Carrier  
  63  33:52  Dark Templar  
  65  34:23  Archon  
  44  34:46  Carrier  
  44  34:50  Mothership  
  50  35:06  Zealot  
  60  35:33  Zealot  
  62  35:46  Tempest  
  67  36:00  Zealot  
  66  36:20  Tempest  
  59  36:27  Zealot  
  47  36:54  Zealot  
  47  37:21  Zealot  
Tags
 
Add a new tag
Caveats
  • Supply blocks, unpowered buildings, or Contaminate may cause inaccurate times.
  • Supply counts are checked every 10 seconds.